 Dungeon Crawl Stone Soup version 0.31-a0-233-g139696dc86 (webtiles) character file.

Game seed: 16700335084477469507

364 qw the Shooter (level 6, 0/52 HPs)
             Began as a Minotaur Hexslinger on July 7, 2023.
             Killed from afar by a white imp (5 damage)
             ... with a puff of frost
             ... summoned by Eustachio
             ... on level 4 of the Dungeon.
             The game lasted 00:01:15 (2791 turns).

qw the Shooter (Minotaur Hexslinger)                Turns: 2791, Time: 00:01:15

Health: 0/52       AC:  5    Str: 16    XL:     6   Next: 39%
Magic:  6/6        EV: 11    Int: 10    God:
Gold:   165        SH:  0    Dex: 14    Spells: 6/7 levels left

rFire   . . .        Y - +1 sling
rCold   + . .        (no shield)
rNeg    . . .        e - +0 ring mail
rPois   .            (helmet restricted)
rElec   .            (no cloak)
rCorr   .            (no gloves)
SInv    .            (no boots)
Will    .....        b - amulet of Doumuu Jookk {Faith Str+3}
Stlth   +            j - ring of protection from cold
HPRegen 0.28/turn    (no ring)
MPRegen 0.10/turn

%: faith
@: no status effects
A: horns 2, retaliatory headbutt
a: no special abilities


You were on level 4 of the Dungeon.
You visited 1 branch of the dungeon, and saw 4 of its levels.

You collected 165 gold pieces.


Innate Abilities, Weirdness & Mutations

You have a pair of horns on your head.
You reflexively headbutt those who attack you in melee.


   Skills:
 - Level 4.2 Fighting
 + Level 6.3 Ranged Weapons
 - Level 1.1 Armour
 - Level 2.1 Dodging
 - Level 1.0 Spellcasting
 - Level 2.0 Hexes


You had 6 spell levels left.
You knew the following spells:

 Your Spells              Type           Power      Damage    Failure   Level
a - Slow                  Hex            16%        N/A       28%         1

Your spell library contained the following spells:

 Spells                   Type           Power      Damage    Failure   Level
 Inner Flame              Hex/Fire       2%         N/A       78%         3
 Portal Projectile        Hex/Tloc       4%         N/A       78%         3
 Cause Fear               Hex            2%         N/A       96%         4

Inventory:

Hand Weapons
 Y - a +1 sling (weapon)
Armour
 e - a +0 ring mail (worn)
Jewellery
 b - the amulet of Doumuu Jookk (around neck) {Faith Str+3}
   (You found it on level 3 of the Dungeon)

   [amulet of faith]

   It allows you to gain divine favour quickly.
   Str:       It affects your strength (+3).
 j - a ring of protection from cold (left hand)
Potions
 a - a potion of might {unknown}
 c - a potion of cancellation {unknown}

Dungeon Overview and Level Annotations

Branches:
Dungeon (4/15)
 Temple: D:4-7

Altars:
Kikubaaqudgha
Makhleb
Sif Muna
Vehumet
Yredelemnul

Shops:
D:2 [

Annotations:
D:4 Eustachio


Message History

The white imp gestures at you. The puff of frost hits you. You resist.
The white imp closely misses you. You furiously retaliate!
You headbutt the white imp. You shoot a sling bullet.
The sling bullet closely misses Eustachio.
The white imp disappears in a puff of smoke!
Eustachio closely misses you. The white imp gestures at you.
The puff of frost hits you. You resist.
You shoot a sling bullet.
The sling bullet closely misses Eustachio.
Eustachio mumbles some strange words.
Eustachio blinks!
The white imp hits you but does no damage.
You shoot a sling bullet.
The sling bullet barely misses the white imp.
The white imp hits you but does no damage.
You shoot a sling bullet. The sling bullet hits the white imp.
The white imp is almost dead.
The white imp gestures at you.
The puff of frost hits you but does no damage.
You shoot a sling bullet.
The sling bullet closely misses the white imp.
The white imp hits you but does no damage.
The white imp gestures at you. The puff of frost misses you.
You shoot a sling bullet.
The sling bullet barely misses the white imp.
Eustachio hits you but does no damage. The white imp hits you.
The white imp freezes you. You resist.
You shoot a sling bullet.
The sling bullet hits the white imp but does no damage.
The white imp is almost dead.
Eustachio barely misses you. The white imp hits you. The white imp freezes you.
You resist.
You shoot a sling bullet.
The sling bullet closely misses the white imp.
Eustachio casts a spell.
The white imp gestures at you. The puff of frost hits you. You resist.
You die...

# ##.. .# .. .# # ...
.. #. # .# #..
.###.#######.# #..
.##..#####...#
.####..#......_.##_..#
........## #....##...#
##...%.###.....)...#
#..55@..#####...##.#
#..)..@...##..###...###
#'.........'..##
##..... ##.....55..##.#
#.#### ##.......###.#
#.# ##.....## #.. .##
##...## #.#. .. ##+##
#...... ####.##


You could see Eustachio, 2 quasits, a white imp (summoned, expiring) and a
shadow imp (summoned).

Vanquished Creatures
  A phantom (D:4)
  A crimson imp (D:3)
  A jelly (D:4)
  Natasha (twice) (D:4)
  An orc wizard (D:3)
  3 gnolls (D:3)
  6 adders
  2 worms (D:2)
  2 dart slugs
  3 orcs
  5 bats
  6 endoplasms
  A giant cockroach (D:1)
  A goblin (D:3)
  2 hobgoblins
  6 jackals
  5 ball pythons
  5 frilled lizards
  9 kobolds
  10 rats
72 creatures vanquished.

Notes
Turn   | Place    | Note
-------+----------+-------------------------------------------
     0 | D:1      | qw the Minotaur Hexslinger began the quest for the Orb.
     0 | D:1      | Reached XP level 1. HP: 16/16 MP: 1/1
     0 | D:1      | 0 ||| qw: Version: 0.3-a-46-gb1f654a
     0 | D:1      | 0 ||| qw: Game counter: 3141
     0 | D:1      | 0 ||| qw: Melee chars always use a shield: true
     0 | D:1      | 0 ||| qw: God list: Okawaru
     0 | D:1      | 0 ||| qw: Allow faded altars: false
     0 | D:1      | 0 ||| qw: Do Orc after clearing Dungeon:15 true
     0 | D:1      | 0 ||| qw: Do second Lair branch before Depths: true
     0 | D:1      | 0 ||| qw: Lair rune preference: random
     0 | D:1      | 0 ||| qw: Goals: Normal
     0 | D:1      | 0 ||| PLANNING D:1-11
   149 | D:1      | Reached skill level 3 in Ranged Weapons
   151 | D:1      | Reached XP level 2. HP: 22/23 MP: 2/2
   623 | D:1      | 623 ||| UPGRADING to +0 ring mail.
   633 | D:1      | 633 ||| DROPPING +0 robe.
   634 | D:1      | 634 ||| UPGRADING to ring of protection from cold.
   635 | D:1      | 635 ||| READING scroll labelled YSIEXZIBYU.
   639 | D:1      | 639 ||| READING scroll labelled XIYHAE DAVVO.
   640 | D:1      | 640 ||| READING 2 scrolls labelled VOABOOBYISCH.
   641 | D:1      | 641 ||| READING scroll labelled JAALUI RY YMOB.
   642 | D:1      | 642 ||| READING scroll labelled XUTUCE TOULYTH.
   743 | D:1      | 743 ||| READING scroll labelled VEWKUNEASHUGH.
   744 | D:1      | 744 ||| DRINKING 2 silvery potions.
   745 | D:1      | 745 ||| DROPPING scroll of poison.
   746 | D:1      | 746 ||| DROPPING potion of magic.
   747 | D:1      | 747 ||| DROPPING scroll of immolation.
   838 | D:2      | Reached XP level 3. HP: 26/29 MP: 3/3
   880 | D:2      | Found Orig's Antique Armour Shoppe.
   890 | D:2      | 890 ||| SHOPLISTING +3 robe of Clouds {*Thunder rCloud
                  | rElec} (594 gold, have 65).
   890 | D:2      | 890 ||| SHOPLISTING runed scarf (160 gold, have 65).
   935 | D:2      | Reached skill level 4 in Ranged Weapons
   968 | D:2      | 968 ||| FLEEEEING.
  1002 | D:2      | Reached skill level 1 in Armour
  1147 | D:2      | Reached XP level 4. HP: 36/36 MP: 4/4
  1166 | D:2      | HP: 9/36 [worm (6)]
  1278 | D:2      | Found a basalt altar of Yredelemnul.
  1370 | D:2      | 1370 ||| READING scroll labelled FARO ABACYPNOLL.
  1398 | D:3      | 1398 ||| STAIRDANCE
  1441 | D:3      | Identified the amulet of Doumuu Jookk {Faith Str+3}
  1588 | D:3      | Reached skill level 5 in Ranged Weapons
  1923 | D:3      | Reached XP level 5. HP: 44/44 MP: 5/5
  1946 | D:3      | Reached skill level 3 in Fighting
  2131 | D:3      | Found a burning altar of Makhleb.
  2156 | D:3      | Found a radiant altar of Vehumet.
  2306 | D:3      | 2306 ||| UPGRADING to amulet of Doumuu Jookk {Faith Str+3}.
  2311 | D:3      | 2311 ||| DRINKING 4 murky yellow potions.
  2333 | D:3      | 2333 ||| DROPPING 3 potions of lignification.
  2497 | D:4      | Noticed Natasha
  2504 | D:4      | Killed Natasha
  2514 | D:4      | Noticed a phantom
  2515 | D:4      | 2515 ||| FLEEEEING.
  2516 | D:4      | 2516 ||| FLEEEEING.
  2517 | D:4      | 2517 ||| FLEEEEING.
  2518 | D:4      | 2518 ||| FLEEEEING.
  2519 | D:4      | 2519 ||| FLEEEEING.
  2537 | D:4      | Killed a phantom
  2538 | D:4      | Reached skill level 6 in Ranged Weapons
  2538 | D:4      | Reached XP level 6. HP: 34/51 MP: 6/6
  2597 | D:4      | 2597 ||| FLEEEEING.
  2598 | D:4      | 2598 ||| FLEEEEING.
  2599 | D:4      | 2599 ||| FLEEEEING.
  2600 | D:4      | 2600 ||| FLEEEEING.
  2601 | D:4      | 2601 ||| STAIRDANCE
  2634 | D:4      | 2634 ||| STAIRDANCE
  2699 | D:4      | Found an ancient bone altar of Kikubaaqudgha.
  2699 | D:4      | Noticed Natasha
  2705 | D:4      | Killed Natasha
  2735 | D:4      | Found a shimmering blue altar of Sif Muna.
  2759 | D:4      | Noticed Eustachio
  2784 | D:4      | HP: 11/52 [white imp/puff of frost[Eustachio] (5)]
  2789 | D:4      | HP: 10/52 [white imp[Eustachio] (2)]
  2791 | D:4      | Killed from afar by a white imp

Levels and vault maps discovered:
D:1:      dpeg_arrival_water_fire, layout_rooms
D:2:      layout_rooms, serial_shops, nicolae_shop_rolling_square, basic_altar
D:3:      layout_loops_ring, grunt_temple_overflow_lords_of_destruction
D:4:      layout_loops_corners, nicolae_overflow_macrodata_refinement,
          zin_scriptorium, uniq_eustachio, uniq_natasha

Skill      XL: |  1  2  3  4  5  6 |
---------------+-------------------+-----
Ranged Weapons | 3 4 5 6 |  6.3
Fighting       | 2 3 4 |  4.2
Armour         | 1 |  1.1
Dodging        | |  2.1
Spellcasting   | |  1.0
Hexes          | |  2.0

Action                     |  1- 3 |  4- 6 || total
---------------------------+-------+-------++-------
   Fire: Sling             |   115 |   195 ||   310
    Use: Scroll            |     6 |     1 ||     7
         Potion            |     1 |     1 ||     2
 Armour: Robe              |     5 |       ||     5
         Ring mail         |     7 |    51 ||    58
  Dodge: Dodged            |    27 |    69 ||    96

Table legend:
 A = Non-vault XP
 B = Vault XP
 C = Vault XP percentage of total XP
 D = Non-vault monster count
 E = Vault monster count
 F = Vault count percentage of total count
                 A         B        C        D         E       F
            +---------+---------+-------+---------+---------+-------
      Total |     442 |      79 |  15.2 |      70 |       2 |   2.8
            +---------+---------+-------+---------+---------+-------
        D:1 |      35 |       0 |   0.0 |      24 |       0 |   0.0
        D:2 |      79 |       0 |   0.0 |      20 |       0 |   0.0
        D:3 |     136 |      44 |  24.4 |      18 |       1 |   5.3
        D:4 |     192 |      35 |  15.4 |       8 |       1 |  11.1
            +---------+---------+-------+---------+---------+-------
